 Dungeon Crawl Stone Soup version 0.20-a0-871-g785f14b (webtiles) character file.

543 DishwasherDemon the Chopper (level 7, 0/52 HPs)
             Began as a Formicid Fighter on Mar 14, 2017.
             Was a Follower of Makhleb.
             Slain by a worker ant (2 damage)
             ... on level 5 of the Dungeon.
             The game lasted 00:12:02 (3947 turns).

DishwasherDemon the Chopper (Formicid Fighter)      Turns: 3947, Time: 00:12:04

Health: 0/52       AC:  8    Str: 20    XL:     7   Next: 52%
Magic:  7/7        EV:  7    Int:  7    God:    Makhleb [*.....]
Gold:   401        SH:  9    Dex: 10    Spells: 6/6 levels left

rFire    . . .     SeeInvis +   a - +0 war axe
rCold    . . .     Gourm    .   b - +0 scale mail
rNeg     + . .     Faith    .   c - +0 shield
rPois    .         Spirit   .   (helmet unavailable)
rElec    .         Reflect  .   (no cloak)
rCorr    .         Harm     .   (no gloves)
MR       +....                  j - +0 pair of boots
Stlth    ..........             (no amulet)
Regen    0.2/turn               t - ring "Nyiheuj" {MR+ Int-3 SInv} (curse)
MPRegen  0.1/turn               p - ring of positive energy

@: lethally poisoned (0 -> -5), liquid flames, glowing
A: permanent stasis, dig shafts and tunnels, four strong arms, antennae 3
a: Dig, Shaft Self, Renounce Religion


You were on level 5 of the Dungeon.
You worshipped Makhleb.
Makhleb was aware of your devotion.
You were not hungry.

You visited 1 branch of the dungeon, and saw 5 of its levels.

You collected 401 gold pieces.

Inventory:

Hand Weapons
 a - a +0 war axe (weapon)
Missiles
 e - 116 stones (quivered)
Armour
 b - a +0 scale mail (worn)
 c - a +0 shield (worn)
 j - a +0 pair of boots (worn)
Jewellery
 p - a ring of positive energy (left hand)
 t - the cursed ring "Nyiheuj" (right hand) {MR+ Int-3 SInv}
   (You found it on level 4 of the Dungeon)

   [ring of intelligence]

   It affects your intelligence (-3).
   It affects your resistance to hostile enchantments.
   It lets you see invisible.
   It has a curse placed upon it.
Wands
 C - a wand of digging (16/24)
Scrolls
 g - 2 scrolls of enchant weapon {unknown}
 i - 5 scrolls of teleportation {unknown}
 k - 3 scrolls of identify {unknown}
 l - 2 scrolls of fear {unknown}
 n - a scroll of amnesia {unknown}
 o - a scroll of fog {unknown}
 s - a scroll of immolation {unknown}
 x - 2 scrolls of remove curse {unknown}
 y - a scroll of magic mapping {unknown}
Potions
 d - a potion of might
 h - 2 potions of curing
 m - a potion of agility {unknown}
 q - 2 potions of degeneration {unknown}
 r - 3 potions of brilliance {unknown}
 z - a potion of resistance {unknown}
 A - 2 potions of mutation {unknown}
 B - a potion of haste {unknown}
 E - a potion of magic {unknown}
Comestibles
 f - 3 bread rations
 u - 7 fruits
 v - a royal jelly
 w - 2 meat rations
 D - 2 chunks of flesh


   Skills:
 + Level 3.5 Fighting
 + Level 7.3 Axes
 + Level 3.6 Armour
 + Level 3.9 Shields
 + Level 1.2 Invocations


You had 6 spell levels left.
You didn't know any spells.

Dungeon Overview and Level Annotations

Branches:
Dungeon (5/15)             Temple (0/1) D:4

Altars:
Ashenzari
Dithmenos
Gozag
Kikubaaqudgha
Makhleb
Ru
Sif Muna
Trog
Uskayaw
Vehumet
Wu Jian

Annotations:
D:5 Azzok's ghost, novice DEFE


Innate Abilities, Weirdness & Mutations

You cannot be hasted, slowed, berserked, paralysed or teleported.
You can dig through walls and to a lower floor.
Your four strong arms can wield two-handed weapons with a shield.
You have a pair of large antennae on your head. (SInv)


Message History

You are poisoned.
Your scale mail prevents you from hitting Azzok's ghost.
You barely miss the orc wizard.
You feel sick.
The orc wizard hits you but does no damage.
Azzok's ghost casts a spell at you. The flame tongue hits you!
* * * LOW HITPOINT WARNING * * *
You slash Azzok's ghost!
Azzok's ghost is moderately damaged.
You slash the orc wizard!
You kill the orc wizard!
Makhleb accepts your kill.
* * * LOW HITPOINT WARNING * * *
You feel sick.
Azzok's ghost sprays you with burning goo.
The sticky flame hits you!
You are covered in liquid flames!
* * * LOW HITPOINT WARNING * * *
The worker ant bites you.
You die...

#.......##### .. ## .#
#.##......#.. ... .. .
#. #....#.#.# ... #.#. #
##.####.#.# ..##...
#...# #.#.#
##....######.######..#
.##...w.#...........#.##
......aW#.####.####[#..#
#@#.#.......# #...
#(#.#.##.##.# #.##
#(#.#.#...#.#.####
#......._.......#
###.#.#[..#.#[#... {
#.#.##.##.# #
#.#.......# { {
#.####.#### { #.. ...


You could see a worm, a worker ant and Azzok's ghost.

Vanquished Creatures
  An orc warrior (D:3)
  A bullfrog (D:5)
  A howler monkey (D:4)
  A bullfrog zombie (D:5)
  2 orc priests (D:4)
  2 orc wizards
  2 worker ants (D:4)
  5 adders
  A worm (D:2)
  A dart slug (D:1)
  3 leopard geckos (D:3)
  14 orcs
  5 giant cockroaches
  7 goblins
  8 hobgoblins
  11 jackals
  3 quokkas
  A ball python (D:2)
  9 bats
  8 frilled lizards
  4 kobolds
  A leopard gecko skeleton (D:5)
  14 rats
105 creatures vanquished.

Notes
Turn   | Place    | Note
-------+----------+-------------------------------------------
     0 | D:1      | DishwasherDemon the Formicid Fighter began the quest for the Orb.
     0 | D:1      | Reached XP level 1. HP: 18/18 MP: 1/1
   111 | D:1      | Reached XP level 2. HP: 9/24 MP: 2/2
   175 | D:1      | Found a shattered altar of Ashenzari.
   242 | D:1      | Reached skill level 3 in Axes
   596 | D:1      | Reached XP level 3. HP: 29/29 MP: 3/3
   859 | D:2      | Found a shadowy altar of Dithmenos.
   897 | D:2      | Found an ornate altar of the Wu Jian Council.
   985 | D:2      | Reached XP level 4. HP: 32/35 MP: 4/4
  1045 | D:2      | Reached skill level 4 in Axes
  1126 | D:2      | Found a bloodstained altar of Trog.
  1361 | D:2      | Found a radiant altar of Vehumet.
  1361 | D:2      | Found a burning altar of Makhleb.
  1366 | D:2      | Became a worshipper of Makhleb the Destroyer
  1557 | D:3      | Found an opulent altar of Gozag.
  1936 | D:3      | Reached XP level 5. HP: 26/41 MP: 5/5
  1990 | D:3      | Reached * piety under Makhleb
  1994 | D:3      | Noticed an orc warrior
  1999 | D:3      | Reached skill level 5 in Axes
  2036 | D:3      | Killed an orc warrior
  2036 | D:3      | Reached XP level 6. HP: 7/47 MP: 6/6
  2389 | D:3      | Found an opulent altar of Gozag.
  2412 | D:3      | Found an ancient bone altar of Kikubaaqudgha.
  2489 | D:3      | Reached skill level 6 in Axes
  2550 | D:3      | Found a deep blue altar of Sif Muna.
  2694 | D:4      | Found a hide-covered altar of Uskayaw.
  2700 | D:4      | Got a vibrating lead ring
  2701 | D:4      | Identified the cursed ring "Nyiheuj" {MR+ Int-3 SInv} (You found it on level 4 of the Dungeon)
  2804 | D:4      | Found a staircase to the Ecumenical Temple.
  2975 | D:4      | Reached XP level 7. HP: 3/52 MP: 7/7
  2976 | D:4      | Reached skill level 7 in Axes
  3714 | D:5      | Entered Level 5 of the Dungeon
  3831 | D:5      | Reached skill level 1 in Invocations
  3906 | D:5      | Found a sacrificial altar of Ru.
  3934 | D:5      | Noticed Azzok's ghost (novice DEFE)
  3947 | D:5      | HP: 2/52 [Azzok's ghost/sticky flame (3)]
  3947 | D:5      | Slain by a worker ant

Vault maps used:
D:1:      dpeg_arrival_stone_temple_mockup, serial_forest,
          infiniplex_forest_end_3, infiniplex_forest_straight_2,
          infiniplex_forest_straight_2, infiniplex_forest_straight_2,
          infiniplex_forest_clump_long, infiniplex_forest_lined_3_way,
          infiniplex_forest_lined_1, infiniplex_forest_lined_corner,
          infiniplex_forest_lined_2, infiniplex_forest_corner_1,
          grunt_decor_arrowhead, ashenzari_altar_1
D:2:      gammafunk_temple_overflow_statue, gammafunk_temple_overflow_forgotten
D:3:      led_sif_pool, kiku_gazebo_garden_becter, old_standard_altar,
          first_bread, st_stairs_11,
          nicolae_gozag_cash_rules_everything_around_me
D:4:      eat_drink_and_be_merry_uskayaw, minmay_temple_entry_junction_2
D:5:      nicolae_ru_sacrificial_ziggurat, lemuel_crystal_altar

Skill      XL: |  1  2  3  4  5  6  7 |
---------------+----------------------+-----
Axes           | 3 4 5 6 7 |  7.3
Invocations    | 1 |  1.2
Fighting       | |  3.5
Armour         | |  3.6
Shields        | |  3.9

Action                   |  1- 3 |  4- 6 |  7- 9 || total
-------------------------+-------+-------+-------++-------
Melee: War axe           |   106 |   181 |    60 ||   347
  Use: Potion            |       |     3 |       ||     3
  Eat: Chunk             |       |     7 |     3 ||    10
Armor: Scale mail        |    51 |   130 |    26 ||   207
Dodge: Dodged            |    37 |    86 |    13 ||   136
Block: Shield            |    48 |   118 |    25 ||   191
